 Dungeon Crawl Stone Soup version 0.26-a0-683-g5206c1d7ac (webtiles) character file.

Game seed: 7795534312675153534

61 grandjackal the Firebug (level 4, 0/36 HPs)
             Began as a Hill Orc Fire Elementalist on Oct 22, 2020.
             Succumbed to an adder's poison
             ... on level 1 of the Dungeon.
             The game lasted 00:02:13 (2130 turns).

grandjackal the Firebug (HOFE)                      Turns: 2130, Time: 00:02:13

Health: 0/36       AC:  2    Str: 10    XL:     4   Next: 7%
Magic:  2/7        EV: 12    Int: 16    God:
Gold:   48         SH:  0    Dex: 11    Spells: 6/7 levels left

rFire    + . .     SeeInvis .   c - +0 whip
rCold    + . .     Faith    .   (no shield)
rNeg     . . .     Spirit   .   a - +0 robe
rPois    +         Reflect  .   (no helmet)
rElec    +         Harm     .   (no cloak)
rCorr    +         Rampage  .   (no gloves)
MR       .....     Rnd*Tele +   (no boots)
Stlth    ++........             (no amulet)
HPRegen  0.12/turn              g - ring of teleportation (curse)
MPRegen  0.10/turn              (no ring)

@: lethally poisoned (0 -> -2), resistant, very slightly contaminated, invisible
(expiring)
A: no striking features
a: no special abilities


You were on level 1 of the Dungeon.
You visited 1 branch of the dungeon, and saw 2 of its levels.

You collected 48 gold pieces.

Inventory:

Hand Weapons
 c - a +0 whip (weapon)
Armour
 a - a +0 robe (worn)
 j - a +0 scale mail
Jewellery
 g - a cursed ring of teleportation (left hand)
Scrolls
 b - a scroll of teleportation {unknown}
 d - a scroll of fog {unknown}
 e - a scroll of fear {unknown}


   Skills:
 + Level 1.9 Fighting
 - Level 1.5 Dodging
 - Level 1.5 Stealth
 + Level 2.0 Spellcasting
 + Level 2.0 Conjurations
 + Level 3.9 Fire Magic


You had 6 spell levels left.
You knew the following spells:

 Your Spells              Type           Power        Failure   Level
a - Foxfire               Conj/Fire      ##..         6%          1

Your spell library contained the following spells:

 Spells                   Type           Power        Failure   Level
 Conjure Flame            Conj/Fire      ##......     19%         3
 Inner Flame              Hex/Fire       #.......     28%         3
 Sticky Flame             Conj/Fire      ##......     52%         4
 Fireball                 Conj/Fire      ##........   86%         5


Dungeon Overview and Level Annotations

Branches:
Dungeon (2/15)

Altars:


Message History

You are very lightly contaminated with residual magic.
There is a lethal amount of poison in your body!
There is a lethal amount of poison in your body!
Unknown command.
* * * LOW HITPOINT WARNING * * *
You feel sick.
* * * LOW HITPOINT WARNING * * *
You feel sick.
* * * LOW HITPOINT WARNING * * *
You feel sick.
* * * LOW HITPOINT WARNING * * *
You feel sick.
* * * LOW HITPOINT WARNING * * *
You feel sick.
* * * LOW HITPOINT WARNING * * *
You feel sick.
* * * LOW HITPOINT WARNING * * *
You feel sick.
You flicker for a moment.
You die...

#.# #######.# #.# #.......# #.#
#.################# #.#
#................†. #.#
#..################ #.#
#(.############## #.#
#...............#
#.####.############.###
#.....@................
#############################.##.
.............# #.##.
#.##########.# #.### #.#
######'###### #.# # #.#
#...........# #.# # #.#
#...........# #.# #.#
#...........###########.# #.#
######'######...........#


There were no monsters in sight!

Vanquished Creatures
  A gnoll (D:2)
  An adder (D:1)
  2 oozes (D:1)
  2 dart slugs (D:1)
  6 giant cockroaches
  3 hobgoblins
  4 jackals (D:1)
  A bat (D:1)
  3 goblins
  3 kobolds
  5 rats
31 creatures vanquished.

Vanquished Creatures (others)
  23 foxfires
23 creatures vanquished.

Grand Total: 54 creatures vanquished

Notes
Turn   | Place    | Note
-------+----------+-------------------------------------------
     0 | D:1      | grandjackal the Hill Orc Fire Elementalist began the quest
                  | for the Orb.
     0 | D:1      | Reached XP level 1. HP: 14/14 MP: 3/3
   155 | D:1      | Reached XP level 2. HP: 11/22 MP: 1/4
   722 | D:1      | Reached skill level 1 in Fighting
  1368 | D:1      | Reached XP level 3. HP: 28/28 MP: 5/5
  2109 | D:1      | Reached XP level 4. HP: 7/36 MP: 0/7
  2123 | D:1      | HP: 1/36 [poisoned by an adder]
  2130 | D:1      | Succumbed to an adder's poison

Illustrated notes

Levels and vault maps discovered:
D:1:      dpeg_arrival_round_c, layout_basic
D:2:      layout_loops_cross, minmay_tall_x

Skill      XL: |  1  2  3 |
---------------+----------+-----
Fighting       | 1 |  1.9
Spellcasting   | 2 |  2.0
Conjurations   | 2 |  2.0
Dodging        | |  1.5
Stealth        | |  1.5
Fire Magic     | |  3.9

Action                   |  1- 3 |  4- 6 || total
-------------------------+-------+-------++-------
Melee: Whip              |   123 |       ||   123
 Cast: Foxfire           |    16 |       ||    16
  Use: Potion            |       |     3 ||     3
 Stab: Sleeping          |     3 |       ||     3
Armor: Robe              |    23 |       ||    23
Dodge: Dodged            |    83 |       ||    83

Table legend: (Time is in decaauts)
 A = Elapsed time spent in this place.
 B = Non-inter-level travel time spent in this place.
 C = Inter-level travel time spent in this place.
 D = Time resting spent in this place.
 E = Time spent auto-exploring this place.
 F = Levels seen in this place.
 G = Mean time per level.
                   A        B        C        D        E       F      G
               +--------+--------+--------+--------+--------+-----+--------+
         Total |   2142 |   2054 |     88 |    878 |    838 |   2 | 1071.0 |
       Dungeon |   2142 |   2054 |     88 |    878 |    838 |   2 | 1071.0 |
               +--------+--------+--------+--------+--------+-----+--------+

Top non-repeatable levels by time:
     D:1: 2056 daAuts
     D:2: 86 daAuts
